 Dungeon Crawl Stone Soup version 0.24-a0-516-g9de272bb65 (webtiles) character file.

Game seed: 9770409715138159544

46 icckedyourdad the Scratcher (level 3, -7/17 HPs)
             Began as a Felid Berserker on July 22, 2019.
             Was a Follower of Trog.
             Killed by divine providence
             ... invoked by an orc priest
              (13 damage)
             ... on level 5 of the Dungeon.
             The game lasted 00:00:54 (955 turns).

icckedyourdad the Scratcher (Felid Berserker)        Turns: 955, Time: 00:00:55

Health: -7/17      AC:  1    Str: 14    XL:     3   Next: 44%
Magic:  4/4        EV: 19    Int:  8    God:    Trog [*.....]
Gold:   40         SH:  0    Dex: 15    Spells: 2/2 levels left
                                        Lives:  0   Deaths: 0

rFire    . . .     SeeInvis +     - Unarmed
rCold    . . .     Gourm    .   (shield unavailable)
rNeg     . . .     Faith    .   (armour unavailable)
rPois    .         Spirit   .   (helmet unavailable)
rElec    .         Reflect  .   (cloak unavailable)
rCorr    .         Harm     .   (gloves unavailable)
MR       .....                  (boots unavailable)
Stlth    ++........             (no amulet)
HPRegen  0.05/turn              (no ring)
MPRegen  0.09/turn              (no ring)

@: quick
A: very small, no armour, no weapons or thrown items, stealth, claws 1, fangs 3,
see invisible, carnivore, speed 1, shaggy fur 1, slow metabolism 1, sharp paws
a: Berserk, Renounce Religion


You were on level 5 of the Dungeon.
You worshipped Trog.
Trog was aware of your devotion.
You were full.

You visited 1 branch of the dungeon, and saw 5 of its levels.

You collected 40 gold pieces.

Inventory:

Jewellery
 h - an uncursed ring of see invisible {unknown}
Scrolls
 b - a scroll of teleportation {unknown}
 c - a scroll of identify {unknown}
 d - a scroll of remove curse {unknown}
 f - a scroll of amnesia {unknown}
Potions
 e - a potion of flight {unknown}
 g - 2 potions of curing {unknown}
Comestibles
 a - 3 rations


   Skills:
 - Level 3.0 Fighting
 - Level 4.0 Dodging
 * Level 4.5 Unarmed Combat


You had 2 spell levels left.
You didn't know any spells.
Your spell library was empty.

Dungeon Overview and Level Annotations

Branches:
Dungeon (5/15)
 Temple: D:4-7

Altars:
Fedhas
Zin


Innate Abilities, Weirdness & Mutations

You cannot wear armour.
You are incapable of wielding weapons or throwing items.
Your paws allow you to move quietly. (Stealth)
You have sharp claws.
You have razor-sharp teeth.
You have supernaturally acute eyesight. (SInv)
You are carnivorous and can eat meat at any time.
You cover ground quickly.
You are covered in fur. (AC +1)
You have a slow metabolism.
Your sharp claws are effective at attacking unaware monsters.


Message History

You scratch the orc wizard but do no damage.
The orc wizard hits you with a +0 dagger.
You closely miss the orc wizard.
You hear the slow hiss of a very distant avalanche of sand.
The orc wizard hits you with a +0 dagger.
The orc wizard casts a spell at you. You resist with some effort.
The orc priest casts a cantrip, but nothing happens.
You see here a +0 war axe.
The orc wizard closely misses you. The orc priest barely misses you.
The orc wizard closely misses you. The orc priest misses you.
You scratch the orc priest.
The orc priest is moderately wounded.
The orc wizard casts a spell at you. The magic dart hits you.
The orc priest misses you.
The orc wizard hits you with a +0 dagger.
The orc priest invokes the aid of Beogh against you.
Beogh smites you!
Ouch! That really hurt!
You die...

###########
##########
#..........
.........#
#..........
.........#
#.......... ........
#.......... ......
#..........
#...######..........
#..o#.....###+####'#
#.o@'.....#.........
#...#.....'.........
+...#.....#.........
#####.....#....#####
##....#....#
#....#....#
#....#....#
#....#....#
#....######


You could see an orc priest and an orc wizard.

Vanquished Creatures
  A hound skeleton (D:4)
  An adder (D:2)
  A dart slug (D:2)
  A worm (D:2)
  2 orcs
  2 giant cockroaches
  A goblin (D:2)
  3 hobgoblins
  A jackal (D:3)
  A ball python (D:4)
  2 bats
  A frilled lizard (D:4)
  2 rats
19 creatures vanquished.

Notes
Turn   | Place    | Note
-------+----------+-------------------------------------------
     0 | D:1      | icckedyourdad the Felid Berserker began the quest for the
                  | Orb.
     0 | D:1      | Reached XP level 1. HP: 10/10 MP: 2/2
   129 | D:2      | Found a blossoming altar of Fedhas.
   330 | D:2      | Reached XP level 2. HP: 14/14 MP: 3/3
   618 | D:4      | Reached XP level 3. HP: 17/17 MP: 4/4
   662 | D:4      | Found a glowing silver altar of Zin.
   889 | D:5      | Entered Level 5 of the Dungeon
   955 | D:5      | Killed from afar by an orc priest

Levels and vault maps discovered:
D:1:      beargit_arrival_greenhouse, layout_basic, hangedman_feature_mirror,
          nemelex_altar_shiori
D:2:      layout_rooms, lemuel_round_altar, elyvilon_altar_3,
          fedhas_ov_isle_minmay, chequers_ecumenical_altar_lobes
D:3:      layout_basic, old_standard_altar, first_ration
D:4:      layout_loops_ring, kiku_gazebo_garden_becter, lemuel_crystal_altar,
          uniq_blork_the_orc
D:5:      layout_gridville, lemuel_coloured_pillars_altar,
          nicolae_ossuary_entry_ruins, uniq_pikel

Skill      XL: |  1  2 |
---------------+-------+-----
Unarmed Combat | 4 |  4.5
Fighting       | |  3.0
Dodging        | |  4.0

Action                   || total
-------------------------++-------
Melee: Unarmed           ||    62
       Punch             ||     2
       Bite              ||     5
 Stab: Sleeping          ||     1
  Eat: Chunk             ||     3
Armor: Skin              ||     2
Dodge: Dodged            ||    42

Table legend:
 A = Non-vault XP
 B = Vault XP
 C = Vault XP percentage of total XP
 D = Non-vault monster count
 E = Vault monster count
 F = Vault count percentage of total count
                 A         B        C        D         E       F
            +---------+---------+-------+---------+---------+-------
      Total |      64 |       2 |   3.0 |      18 |       1 |   5.3
            +---------+---------+-------+---------+---------+-------
        D:1 |       2 |       2 |  50.0 |       2 |       1 |  33.3
        D:2 |      25 |       0 |   0.0 |       5 |       0 |   0.0
        D:3 |      11 |       0 |   0.0 |       6 |       0 |   0.0
        D:4 |      23 |       0 |   0.0 |       4 |       0 |   0.0
        D:5 |       3 |       0 |   0.0 |       1 |       0 |   0.0
            +---------+---------+-------+---------+---------+-------
